 Dungeon Crawl Stone Soup version 0.29-a0-902-g0f71de6fce (webtiles) character file.

Game seed: 16591152821322230030

67 Malachi the Chiller (level 3, -7/24 HPs)
             Began as a Demonspawn Ice Elementalist on July 24, 2022.
             Was a Believer of Wu Jian.
             Mangled by Edmund
             ... wielding a +3 flail of holy wrath
              (10 damage)
             ... on level 4 of the Dungeon.
             The game lasted 00:03:45 (3332 turns).

Malachi the Chiller (Demonspawn Ice Elementalist)   Turns: 3332, Time: 00:03:46

Health: -7/24      AC: 11    Str:  8    XL:     3   Next: 98%
Magic:  1/7        EV: 12    Int: 18    God:    Wu Jian [**....]
Gold:   193        SH:  5    Dex: 13    Spells: 1/8 levels left

rFire   . . .      SeeInvis .   e - +0 long sword (venom)
rCold   . . .      Faith    .   (no shield)
rNeg    . . .      Spirit   .   a - +0 robe
rPois   .          Reflect  +   (no helmet)
rElec   .          Harm     .   (no cloak)
rCorr   .          Rampage  .   (no gloves)
Will    .....                   (no boots)
Stlth   ++........              c - amulet of reflection
HPRegen 0.08/turn               (no ring)
MPRegen 0.10/turn               (no ring)

@: ice-armoured, freezing walls
A: molten scales 2
a: Renounce Religion, Wall Jump


You were on level 4 of the Dungeon.
You worshipped Wu Jian.
Wu Jian was pleased with you.
You visited 1 branch of the dungeon, and saw 4 of its levels.

You collected 193 gold pieces.

Inventory:

Hand Weapons
 e - a +0 long sword of venom (weapon)
 j - the +0 dagger of Cataclysm {vorpal, *Noise +Blink rF++ SInv Stlth+}
   (You found it on level 2 of the Dungeon)

   It inflicts extra damage upon your enemies.
   rF:        It greatly protects you from fire.
   SInv:      It lets you see invisible.
   +Blink:    It lets you blink.
   *Noise:    It may make noises in combat.
   Stlth:     It makes you more stealthy.
Missiles
 h - 6 javelins
Armour
 a - a +0 robe (worn)
Jewellery
 c - an amulet of reflection (around neck)
 r - an amulet of the acrobat
Wands
 s - a wand of charming (9)
Scrolls
 f - a scroll of brand weapon
 p - a scroll of poison
 t - a scroll of teleportation
Potions
 b - a potion of magic
 g - a potion of cancellation {unknown}
 i - a potion of berserk rage {unknown}
 k - a potion of mutation {unknown}
 l - a potion of curing {unknown}
 m - a potion of flight {unknown}


   Skills:
 - Level 1.7 Dodging
 - Level 1.7 Stealth
 + Level 3.1 Spellcasting
 + Level 4.4 Ice Magic


You had one spell level left.
You knew the following spells:

 Your Spells              Type           Power      Damage    Failure   Level
a - Freeze                Ice            72%        1d9       2%          1
b - Frozen Ramparts       Ice            36%        1d5       8%          3
c - Ozocubu's Armour      Ice            18%        N/A       8%          3

Your spell library contained the following spells:

 Spells                   Type           Power      Damage    Failure   Level
 Summon Small Mammal      Summ           8%         N/A       16%         1
 Call Canine Familiar     Summ           2%         N/A       43%         3
 Summon Guardian Golem    Hex/Summ       2%         N/A       43%         3
 Hailstorm                Conj/Ice       10%        3d5       54%         4


Dungeon Overview and Level Annotations

Branches:
Dungeon (4/15)
 Temple: D:4-7

Altars:
Ashenzari
Wu Jian

Annotations:
D:4 Edmund


Innate Abilities, Weirdness & Mutations

You are mostly covered in molten scales. (AC +3)


Message History

The spell is quite dangerous to miscast (8% risk of failure)!
Continue anyway? [Y]es or [N]o only, please.
The spell is quite dangerous to miscast (8% risk of failure)!
Continue anyway?
Okay, then.
You kill the goblin!
The Council accepts your kill.
There is a stone staircase leading up here.
Edmund attacks as you move away!
Edmund hits you with a +3 flail of holy wrath.
You convulse.
An adder comes into view.
Casting: Ozocubu's Armour (quite dangerous; 8% risk of failure)
Confirm with . or Enter, or press ? or * to list all spells.
The spell is quite dangerous to miscast (8% risk of failure)!
Continue anyway?
Casting: Frozen Ramparts (quite dangerous; 8% risk of failure)
Press: ? - help, Dir - look around, f - activate The walls around you are covered in ice.
The adder hisses angrily.
The wall freezes Edmund.
Edmund hits you with a +3 flail of holy wrath.
You convulse.
Casting: Frozen Ramparts (quite dangerous; 8% risk of failure)
Confirm with . or Enter, or press ? or * to list all spells.
The spell is quite dangerous to miscast (8% risk of failure)!
Continue anyway? [Y]es or [N]o only, please.
The spell is quite dangerous to miscast (8% risk of failure)!
Continue anyway? [Y]es or [N]o only, please.
The spell is quite dangerous to miscast (8% risk of failure)!
Continue anyway?
Okay, then.
Casting: Ozocubu's Armour (quite dangerous; 8% risk of failure)
Confirm with . or Enter, or press ? or * to list all spells.
Okay, then.
Casting: Ozocubu's Armour (quite dangerous; 8% risk of failure)
Confirm with . or Enter, or press ? or * to list all spells.
The spell is quite dangerous to miscast (8% risk of failure)!
Continue anyway?
A film of ice covers your body!
The wall freezes Edmund.
Edmund hits you with a +3 flail of holy wrath!
* * * LOW HITPOINT WARNING * * *
You convulse!
You die...

......## #
##.....##
#.##.......###.#
#........).....#
..#S..<...##..#
##.$...##
##...## ##@##
#@# #...# #...#
#...# .....
....... .......
###....##


You could see Edmund and an adder.

Vanquished Creatures
  An adder (D:2)
  A worm (D:2)
  2 dart slugs (D:1)
  2 endoplasms
  2 giant cockroaches
  4 goblins
  10 hobgoblins
  4 jackals (D:2)
  A quokka (D:2)
  4 ball pythons
  4 bats
  4 frilled lizards
  2 kobolds
  6 rats
47 creatures vanquished.

Notes
Turn   | Place    | Note
-------+----------+-------------------------------------------
     0 | D:1      | Malachi the Demonspawn Ice Elementalist began the quest for
                  | the Orb.
     0 | D:1      | Reached XP level 1. HP: 13/13 MP: 3/3
   249 | D:1      | Found a faded altar of an unknown god.
   284 | D:1      | Prayed at the altar of an unknown god.
   284 | D:1      | Became a worshipper of the Wu Jian Council
   284 | D:1      | Reached * piety under Wu Jian
   535 | D:1      | Gained mutation: You are partially covered in molten
                  | scales. (AC +2) [demonic ancestry]
   535 | D:1      | Reached XP level 2. HP: 19/19 MP: 3/5
   788 | D:1      | Reached skill level 4 in Ice Magic
  1659 | D:2      | Gained mutation: You are mostly covered in molten scales.
                  | (AC +3) [demonic ancestry]
  1659 | D:2      | Reached XP level 3. HP: 24/24 MP: 1/7
  1785 | D:2      | Identified the +0 dagger of Cataclysm {vorpal, *Noise
                  | +Blink rF++ SInv Stlth+}
  2130 | D:2      | Learned a level 3 spell: Frozen Ramparts
  2134 | D:2      | Learned a level 3 spell: Ozocubu's Armour
  2582 | D:3      | Found a broken altar of Ashenzari.
  2700 | D:3      | Reached ** piety under Wu Jian
  3322 | D:4      | Noticed Edmund
  3332 | D:4      | Mangled by Edmund

Illustrated notes

Levels and vault maps discovered:
D:1:      dpeg_arrival_more_subterranean_lakeside_camping, layout_loops_corners,
          basic_ecumenical_altar
D:2:      minmay_door_path, layout_basic
D:3:      layout_loops_ring, ashenzari_conservatory_becter
D:4:      layout_loops_ring, serial_forest, infiniplex_forest_lined_room_2,
          infiniplex_forest_end_3, infiniplex_forest_corner_1,
          infiniplex_forest_lined_corner, infiniplex_forest_straight_5,
          infiniplex_forest_end_2, infiniplex_forest_clump_medium,
          infiniplex_forest_lined_corner, infiniplex_forest_clump_tiny,
          minmay_hedge_maze, uniq_edmund, uniq_robin

Skill      XL: |  1  2  3 |
---------------+----------+-----
Ice Magic      | 4 |  4.4
Spellcasting   | 3 |  3.1
Dodging        | |  1.7
Stealth        | |  1.7

Action                   || total
-------------------------++-------
Melee: Unarmed           ||     6
       Punch             ||     1
       Long sword        ||    36
 Cast: Freeze            ||    63
       Ozocubu's Armour  ||     1
       Frozen Ramparts   ||     1
Invok: Lunge             ||    10
       Whirlwind         ||     1
  Use: Scroll            ||     6
 Stab: Sleeping          ||     2
       Distracted        ||     1
Armor: Robe              ||    22
Dodge: Dodged            ||    43
Block: Other             ||    18

Table legend: (Time is in decaauts)
 A = Elapsed time spent in this place.
 B = Non-inter-level travel time spent in this place.
 C = Inter-level travel time spent in this place.
 D = Time resting spent in this place.
 E = Time spent auto-exploring this place.
 F = Levels seen in this place.
 G = Mean time per level.
                   A        B        C        D        E       F      G
               +--------+--------+--------+--------+--------+-----+--------+
         Total |   3346 |   3287 |     59 |    340 |   2550 |   4 |  836.5 |
       Dungeon |   3346 |   3287 |     59 |    340 |   2550 |   4 |  836.5 |
               +--------+--------+--------+--------+--------+-----+--------+

Top non-repeatable levels by time:
     D:1: 1627 daAuts
     D:2: 959 daAuts
     D:3: 748 daAuts
     D:4: 11 daAuts
